 Dungeon Crawl Stone Soup version 0.26-a0-611-g354ed81502 (webtiles) character file.

Game seed: 8907541459479953261

12 Descartes the Sneak (level 2, -5/14 HPs)
             Began as a Felid Delver on Sept 5, 2020.
             Slain by a crocodile (14 damage)
             ... in a sewer.
             The game lasted 00:01:01 (117 turns).

Descartes the Sneak (Felid Delver)                   Turns: 117, Time: 00:01:02

Health: -5/14      AC:  1    Str:  8    XL:     2   Next: 20%
Magic:  3/3        EV: 18    Int: 11    God:
Gold:   0          SH:  0    Dex: 17    Spells: 1/1 levels left
                                        Lives:  0   Deaths: 0

rFire    . . .     SeeInvis +     - Unarmed
rCold    . . .     Faith    .   (shield unavailable)
rNeg     . . .     Spirit   .   (armour unavailable)
rPois    .         Reflect  .   (helmet unavailable)
rElec    .         Harm     .   (cloak unavailable)
rCorr    .                      (gloves unavailable)
MR       .....                  (boots unavailable)
Stlth    ++++......             (no amulet)
HPRegen  0.04/turn              (no ring)
MPRegen  0.08/turn              (no ring)

@: quick
A: very small, no armour, no weapons or thrown items, stealth, claws 1, fangs 3,
see invisible, speed 1, shaggy fur 1, sharp paws
a: no special abilities


You were in a sewer.
You visited 1 branch of the dungeon, and saw 1 of its levels.
You also visited: Sewer.

Inventory:

Missiles
 f - 4 stones
Wands
 e - a wand of digging (3)
Scrolls
 a - a scroll of fog
 b - 2 scrolls of teleportation {unknown}
 c - a scroll of fear
 h - a scroll of random uselessness {unknown}
Potions
 d - a potion of haste
 g - a potion of mutation {unknown}


   Skills:
 - Level 3.0 Fighting
 - Level 2.6 Dodging
 + Level 7.3 Stealth
 - Level 2.0 Unarmed Combat


You had one spell level left.
You didn't know any spells.
Your spell library was empty.

Dungeon Overview and Level Annotations

Branches:
Dungeon (5/15)              Sewer (1/1)
 Temple: D:4-7

Altars:


Innate Abilities, Weirdness & Mutations

You cannot wear armour.
You are incapable of wielding weapons or throwing items.
Your paws allow you to move quietly. (Stealth)
You have sharp claws.
You have razor-sharp teeth.
You have supernaturally acute eyesight. (SInv)
You cover ground quickly.
You are covered in fur. (AC +1)
Your sharp claws are effective at attacking unaware monsters.


Message History

There is an open door here.
You scratch the crocodile but do no damage.
The crocodile misses you.
You scratch the crocodile.
The crocodile is lightly wounded.
The crocodile bites you.
You scratch the crocodile.
The crocodile is lightly wounded.
The crocodile completely misses you.
You barely miss the crocodile.
The crocodile is lightly wounded.
The crocodile barely misses you.
You scratch the crocodile.
The crocodile is moderately wounded.
The crocodile closely misses you.
You scratch the crocodile.
The crocodile is heavily wounded.
The crocodile bites you!
Ouch! That really hurt!
You die...

#.##.##.##∩##.##.##.#
#.##)##.##.##.##.##.#
#'##'##'##.##'##'##'#
#...................#
≈≈≈#≈≈≈≈≈≈≈≈≈.≈≈≈≈≈≈≈≈≈#≈≈≈≈≈≈
≈≈≈#≈≈≈≈≈≈≈≈≈∩≈≈≈≈≈≈≈≈≈#≈≈≈≈≈≈
≈≈≈#≈≈≈≈≈≈≈≈≈.≈≈≈≈≈≈≈≈≈#≈≈≈≈≈≈
####...................#######
#+##+##+##'##@##+##+# #.##t#
#)##)# ######


You could see a crocodile.

Vanquished Creatures
  An adder (Sewer)
  2 kobolds (Sewer)
3 creatures vanquished.

Notes
Turn   | Place    | Note
-------+----------+-------------------------------------------
     0 | D:5      | Descartes the Felid Delver began the quest for the Orb.
     0 | D:5      | Reached XP level 1. HP: 10/10 MP: 2/2
    15 | D:5      | Found a glowing drain.
    24 | Sewer    | Entered a sewer
    83 | Sewer    | Reached skill level 7 in Stealth
    83 | Sewer    | Reached XP level 2. HP: 14/14 MP: 3/3
   110 | Sewer    | Noticed a crocodile
   117 | Sewer    | Slain by a crocodile

Illustrated notes

Levels and vault maps discovered:
D:5:      layout_basic, cheibrodos_sewer_entry_drain, serial_shops,
          nicolae_shop_stone
Sewer:    kennysheep_door_sewer

Skill      XL: |  1 |
---------------+----+-----
Stealth        | 7 |  7.3
Fighting       | |  3.0
Dodging        | |  2.6
Unarmed Combat | |  2.0

Action                   || total
-------------------------++-------
Melee: Unarmed           ||     9
  Use: Scroll            ||     1
 Stab: Sleeping          ||     3
Dodge: Dodged            ||     5

Table legend: (Time is in decaauts)
 A = Elapsed time spent in this place.
 B = Non-inter-level travel time spent in this place.
 C = Inter-level travel time spent in this place.
 D = Time resting spent in this place.
 E = Time spent auto-exploring this place.
 F = Levels seen in this place.
 G = Mean time per level.
                   A        B        C        D        E       F      G
               +--------+--------+--------+--------+--------+-----+--------+
         Total |     99 |     99 |      0 |      0 |      0 |   2 |   49.5 |
       Dungeon |     21 |     21 |      0 |      0 |      0 |   1 |   21.0 |
         Sewer |     78 |     78 |      0 |      0 |      0 |   1 |   78.0 |
               +--------+--------+--------+--------+--------+-----+--------+

Top non-repeatable levels by time:
   Sewer: 78 daAuts
     D:5: 21 daAuts
